 Dungeon Sprint DCSS version 0.17-a0-1691-g18a3847 (webtiles) character file.

38818 Kidiri the Unseen (level 12, -4/51 HPs)
             Began as a Spriggan Enchanter on Aug 20, 2015.
             Was the Champion of Dithmenos.
             Slain by an azure jelly (42 damage)
             ... in the Dungeon (Sprint III: "The Ten Rune Challenge").
             The game lasted 00:15:32 (3459 turns).

Kidiri the Unseen (Spriggan Enchanter)              Turns: 3459, Time: 00:15:35

Health: -4/51      AC:  5    Str:  4    XL:     12   Next: 92%
Magic:  9/33       EV: 35    Int: 19    God:    Dithmenos [******]
Gold:   28         SH:  0    Dex: 19    Spells: 9 memorised, 4 levels left

rFire  + + .     SeeInvis +     a - +1 dagger
rCold  . . .     Rnd*Rage +     r - +1 robe {MR+}
rNeg   . . .     SustAt   .     (shield restricted)
rPois  +         Gourm    .     (helmet restricted)
rElec  .         Spirit   .     e - +1 cloak
rCorr  .         Warding  .     (gloves unavailable)
rMut   .         NoTele   +     (boots unavailable)
MR     +++..                    (no amulet)
Stlth  ++++++++++               (no ring)
                                (no ring)

@: wreathed by umbra, very quick, extremely resistant to hostile enchantments,
uncannily stealthy
A: unfitting armour, see invisible, berserk 1, fire resistance 2, herbivore 3,
speed 3, poison resistance, slow metabolism 2, MP-powered wands
a: Shadow Step, Shadow Form, Renounce Religion
}: 1/10 runes: serpentine


You were in the Dungeon.
You worshipped Dithmenos.
Dithmenos was exalted by your worship.
You were not hungry.

You visited 1 branch You collected 28 gold pieces.

Inventory:

Hand weapons
 a - a +1 dagger (weapon)
Missiles
 q - 9 throwing nets (quivered)
Armour
 e - a +1 cloak (worn)
 r - a +1 robe of magic resistance (worn)
Magical devices
 p - a wand of magic darts (29)
Scrolls
 j - a scroll of blinking
 l - 3 scrolls of remove curse
Potions
 f - a potion of heal wounds
 g - a potion of haste
 h - 2 potions of magic
 i - 2 potions of berserk rage
 k - a potion of might
 n - 2 potions of cure mutation {unknown}
 o - 3 potions of flight
Comestibles
 d - 6 fruits
 m - 23 royal jellies


   Skills:
 + Level 11.3 Short Blades
 * Level 19.2 Dodging
 * Level 20.8 Stealth
 * Level 16.7 Spellcasting
 + Level 7.9 Conjurations
 + Level 12.6 Hexes
 + Level 6.6 Summonings
 + Level 13.0 Translocations
 + Level 8.9 Ice Magic
 - Level 3.2 Invocations


You had 4 spell levels left.
You knew the following spells:

 Your Spells              Type           Power        Failure   Level  Hunger
a - Corona                Hex            ######.      1%          1    None
b - Ensorcelled Hibernat  Hex/Ice        ######       1%          2    None
c - Confuse               Hex            ######..     1%          3    None
d - Tukima's Dance        Hex            ######..     1%          3    None
e - Dazzling Spray        Conj/Hex       ######..     1%          3    None
f - Dispersal             Tloc           ######....   2%          6    #####..
g - Controlled Blink      Tloc           N/A          17%         7    ######.
h - Malign Gateway        Summ/Tloc      ######....   58%         7    ######.
i - Disjunction           Tloc           ######....   95%         8    #######


Dungeon Overview and Level Annotations

Branches:
Dungeon (1/1)

Altars:
Cheibriados
Dithmenos
Elyvilon
Fedhas
Gozag
Kikubaaqudgha
Makhleb
Nemelex Xobeh
Okawaru
Qazlal
Ru
Sif Muna
Trog
Vehumet
Xom
Yredelemnul
Zin
The Shining One
Jiyva
Lugonu

Shops:
D :(%[%=


Innate Abilities, Weirdness & Mutations

You are tiny and cannot use many weapons and most armour.
You have supernaturally acute eyesight.
You are a herbivore.
You cover ground extremely quickly.
You need consume almost no food.
You tend to lose your temper in combat.
Your flesh is very heat resistant.
Your system is resistant to poisons.
You expend magic power (3 MP) to strengthen your wands.


Message History

The spray of energy misses the azure jelly.
Casting: Dazzling Spray
Confirm with . or Enter, or press ? or * to list all spells.
Aiming: Dazzling Spray
Press: ? - help, Shift-Dir - straight line, f/p - azure jelly
Aim: an azure jelly (umbra)
The spray of energy hits the azure jelly.
The azure jelly is lightly wounded.
Casting: Dazzling Spray
Confirm with . or Enter, or press ? or * to list all spells.
Aiming: Dazzling Spray
Press: ? - help, Shift-Dir - straight line, f/p - azure jelly
Aim: an azure jelly (lightly wounded, umbra)
The spray of energy hits the azure jelly.
The azure jelly is lightly wounded.
Your shadow mimicks your spell!
The shadow shard hits the azure jelly.
The azure jelly hits you. The azure jelly freezes you!!!
Ouch! That really hurt!
You die...

▓.................#___#_.
▓▓▓▓▓▓▓▓▓▓▓▓▓▓▓▓▓▓▓▓▓▓▓▓▓
+≈≈≈.§≈≈≈≈♣♣.....♣♣♣
#≈≈≈.≈≈≈≈≈♣♣.≈≈≈≈+♣♣
#≈≈≈§≈≈§§≈%+....:#.≈
#≈≈≈≈§§§≈≈♣♣♣♣♣♣♣#..
#≈≈≈§§§≈≈≈♣ ###
▓##+####+#######♣ ♣♣♣♣
▓......@J...)...♣♣ ♣...
▓#+#############'♣ ♣♣.#
▓...#≈P..J§§§J§§.♣ ♣..
▓...'≈≈...########♣♣ ♣♣.
▓J..#≈≈≈.........PP♣ ♣♣.
▓J..#≈≈≈≈...PP....P♣ ♣..
#+#############'#### ###
#≈♣♣ #♣.♣


You could see an azure jelly.

Vanquished Creatures
  Rupert (D)
  A greater naga (D)
  An azure jelly (D)
  Maud (D)
  Erolcha (D)
  A naga warrior (D)
  2 hydras (D)
  An ice dragon (D)
  3 anacondas (D)
  4 death yaks (D)
  A spriggan druid (D)
  A death drake (D)
  A lindwurm (D)
  A guardian serpent (D)
  7 black mambas (D)
  2 spiny frogs (D)
  A komodo dragon (D)
  A fire drake (D)
  A deep elf priest (D)
  3 wandering mushrooms (D)
  A queen bee (D)
  8 blink frogs (D)
  2 trapdoor spiders (D)
  4 redbacks (D)
  A shadow (D)
  2 spriggans (D)
  2 hill giants (D)
  A spatial vortex (D)
  2 nagas (D)
  3 water moccasins (D)
  A swamp drake (D)
  A necrophage (D)
  3 two-headed ogres (D)
  2 brain worms (D)
  A water elemental (D)
  32 killer bees (D)
  An electric eel (D)
  Crazy Yiuf (D)
  A necromancer (D)
  A jelly (D)
  Jessica (D)
  A wizard (D)
  3 humans (D)
  A kobold demonologist (D)
  2 adders (D)
  2 oozes (D)
  2 swamp drake simulacra (D)
  A rat (D)
118 creatures vanquished.

Vanquished Creatures (others)
  2 draconian scorchers (D)
  A hydra (D)
  3 yaktaurs (D)
  4 plants (D)
10 creatures vanquished.

Grand Total: 128 creatures vanquished

Notes
Turn   | Place    | Note
--------------------------------------------------------------
     0 | D        | Kidiri the Spriggan Enchanter began the quest for the Orb.
     0 | D        | Reached XP level 1. HP: 9/9 MP: 5/5
     4 | D        | Reached skill level 5 in Stealth
     7 | D        | Reached XP level 2. HP: 13/13 MP: 5/7
    11 | D        | Learned a level 2 spell: Ensorcelled Hibernation
    31 | D        | Noticed Jessica
    37 | D        | Killed Jessica
    37 | D        | Reached skill level 5 in Dodging
    37 | D        | Reached skill level 6 in Stealth
    37 | D        | Reached skill level 1 in Ice Magic
    37 | D        | Reached XP level 3. HP: 16/16 MP: 7/9
   125 | D        | Killed a yaktaur
   148 | D        | Learned a level 3 spell: Confuse
   152 | D        | Learned a level 3 spell: Tukima's Dance
   253 | D        | Killed a white draconian scorcher
   285 | D        | Killed a yaktaur
   319 | D        | Killed a white draconian scorcher
   325 | D        | Noticed Crazy Yiuf
   332 | D        | Killed Crazy Yiuf
   332 | D        | Reached skill level 7 in Stealth
   332 | D        | Reached skill level 5 in Spellcasting
   332 | D        | Reached skill level 5 in Hexes
   332 | D        | Reached XP level 4. HP: 21/21 MP: 12/12
   346 | D        | Learned a level 3 spell: Dazzling Spray
   431 | D        | Gained mutation: Your flesh is heat resistant. [potion of mutation]
   431 | D        | Gained mutation: Your flesh is very heat resistant. [potion of mutation]
   431 | D        | Gained mutation: Your system is resistant to poisons. [potion of mutation]
   432 | D        | Gained mutation: You expend magic power (3 MP) to strengthen your wands. [potion of mutation]
   432 | D        | Gained mutation: Your spells are a little easier to cast, but a little less powerful. [potion of mutation]
   432 | D        | Gained mutation: You tend to lose your temper in combat. [potion of mutation]
   433 | D        | Lost mutation: Your spells are a little easier to cast, but a little less powerful. [potion of mutation]
   674 | D        | Noticed a water elemental
   677 | D        | Killed a water elemental
   677 | D        | Reached skill level 8 in Stealth
   677 | D        | Reached skill level 1 in Conjurations
   677 | D        | Reached XP level 5. HP: 24/24 MP: 12/14
   695 | D        | Noticed a jelly
   696 | D        | Noticed a shadow
   698 | D        | Killed a shadow
   698 | D        | Reached skill level 10 in Stealth
   698 | D        | Reached XP level 6. HP: 28/28 MP: 14/17
   702 | D        | Killed a jelly
   721 | D        | Found a stormy altar of Qazlal.
   721 | D        | Noticed a spatial vortex
   722 | D        | Found a sacrificial altar of Ru.
   722 | D        | Found a burning altar of Makhleb.
   722 | D        | Found a viscous altar of Jiyva.
   722 | D        | Found a shimmering altar of Xom.
   722 | D        | Found a shadowy altar of Dithmenos.
   722 | D        | Found a sparkling altar of Nemelex Xobeh.
   722 | D        | Found a corrupted altar of Lugonu.
   722 | D        | Found an opulent altar of Gozag.
   726 | D        | Became a worshipper of Dithmenos the Shadowed
   727 | D        | Killed a spatial vortex
   727 | D        | Reached skill level 5 in Short Blades
   727 | D        | Reached skill level 1 in Invocations
   752 | D        | Found a radiant altar of Vehumet.
   753 | D        | Found a deep blue altar of Sif Muna.
   753 | D        | Found an ancient bone altar of Kikubaaqudgha.
   753 | D        | Noticed a wizard
   754 | D        | Killed a wizard
   754 | D        | Reached skill level 11 in Stealth
   774 | D        | Learned a level 6 spell: Dispersal
   779 | D        | Found a glowing silver altar of Zin.
   780 | D        | Found a glowing golden altar of the Shining One.
   780 | D        | Found a white marble altar of Elyvilon.
   780 | D        | Noticed a deep elf priest
   782 | D        | Killed a deep elf priest
   782 | D        | Reached skill level 10 in Dodging
   782 | D        | Reached XP level 7. HP: 32/32 MP: 18/20
   798 | D        | Found an iron altar of Okawaru.
   799 | D        | Found a bloodstained altar of Trog.
   799 | D        | Noticed a human
   799 | D        | Noticed a human
   801 | D        | Killed a human
   801 | D        | Reached skill level 12 in Stealth
   802 | D        | Killed a human
   802 | D        | Acquired Dithmenos's first power
   824 | D        | Found a basalt altar of Yredelemnul.
   824 | D        | Found a snail-covered altar of Cheibriados.
   824 | D        | Found a blossoming altar of Fedhas.
   824 | D        | Noticed a necrophage
   824 | D        | Noticed a necromancer
   826 | D        | Killed a necrophage
   826 | D        | Reached XP level 8. HP: 36/36 MP: 22/22
   827 | D        | Killed a necromancer
   890 | D        | Learned a level 7 spell: Controlled Blink
   901 | D        | Noticed a two-headed ogre
   901 | D        | Noticed a two-headed ogre
   905 | D        | Killed a two-headed ogre
   907 | D        | Killed a two-headed ogre
   907 | D        | Acquired Dithmenos's second power
   910 | D        | Noticed a two-headed ogre
   911 | D        | Killed a two-headed ogre
   911 | D        | Reached skill level 10 in Spellcasting
   963 | D        | Noticed a hill giant
   966 | D        | Killed a hill giant
   966 | D        | Reached skill level 13 in Stealth
  1018 | D        | Noticed a hill giant
  1018 | D        | Noticed Erolcha
  1020 | D        | Killed Erolcha
  1020 | D        | Reached skill level 5 in Ice Magic
  1020 | D        | Reached XP level 9. HP: 39/39 MP: 23/25
  1021 | D        | Killed a hill giant
  1021 | D        | Acquired Dithmenos's third power
  1021 | D        | Reached skill level 14 in Stealth
  1033 | D        | Noticed a redback
  1035 | D        | Noticed a trapdoor spider
  1037 | D        | Killed a trapdoor spider
  1047 | D        | Killed a redback
  1207 | D        | Noticed a trapdoor spider
  1210 | D        | Killed a trapdoor spider
  1305 | D        | Noticed a killer bee
  1305 | D        | Noticed a killer bee
  1305 | D        | Noticed a killer bee
  1305 | D        | Noticed a killer bee
  1305 | D        | Noticed a killer bee
  1305 | D        | Noticed a killer bee
  1305 | D        | Noticed a killer bee
  1305 | D        | Noticed a killer bee
  1305 | D        | Noticed a killer bee
  1305 | D        | Noticed a killer bee
  1305 | D        | Noticed a killer bee
  1305 | D        | Noticed a killer bee
  1305 | D        | Noticed a killer bee
  1305 | D        | Noticed a killer bee
  1305 | D        | Noticed a killer bee
  1306 | D        | Noticed a killer bee
  1306 | D        | Noticed a killer bee
  1306 | D        | Noticed a killer bee
  1306 | D        | Noticed a killer bee
  1306 | D        | Noticed a killer bee
  1306 | D        | Noticed a killer bee
  1306 | D        | Noticed a killer bee
  1306 | D        | Noticed a killer bee
  1306 | D        | Noticed a killer bee
  1306 | D        | Noticed a killer bee
  1306 | D        | Noticed a killer bee
  1306 | D        | Noticed a queen bee
  1306 | D        | Noticed a killer bee
  1306 | D        | Noticed a killer bee
  1306 | D        | Noticed a killer bee
  1306 | D        | Noticed a killer bee
  1306 | D        | Noticed a killer bee
  1306 | D        | Noticed a killer bee
  1310 | D        | Killed a killer bee
  1313 | D        | Killed a killer bee
  1315 | D        | Killed a killer bee
  1317 | D        | Killed a killer bee
  1317 | D        | Acquired Dithmenos's fourth power
  1320 | D        | Killed a yaktaur
  1321 | D        | Killed a killer bee
  1323 | D        | Killed a killer bee
  1325 | D        | Killed a killer bee
  1327 | D        | Killed a killer bee
  1327 | D        | Reached skill level 15 in Stealth
  1329 | D        | Killed a killer bee
  1331 | D        | Killed a killer bee
  1333 | D        | Killed a killer bee
  1338 | D        | Killed a killer bee
  1355 | D        | Killed a killer bee
  1361 | D        | Killed a killer bee
  1364 | D        | Killed a killer bee
  1486 | D        | Learned a level 7 spell: Malign Gateway
  1498 | D        | Killed a killer bee
  1501 | D        | Killed a killer bee
  1503 | D        | Killed a killer bee
  1505 | D        | Killed a killer bee
  1507 | D        | Killed a killer bee
  1509 | D        | Killed a killer bee
  1511 | D        | Killed a killer bee
  1511 | D        | Reached skill level 5 in Conjurations
  1513 | D        | Killed a killer bee
  1515 | D        | Killed a killer bee
  1517 | D        | Killed a killer bee
  1519 | D        | Killed a killer bee
  1654 | D        | Killed a killer bee
  1654 | D        | Reached XP level 10. HP: 44/44 MP: 20/27
  1658 | D        | Killed a killer bee
  1660 | D        | Killed a killer bee
  1662 | D        | Killed a killer bee
  1664 | D        | Killed a killer bee
  1664 | D        | Reached skill level 1 in Summonings
  1668 | D        | Killed a killer bee
  1671 | D        | Killed a queen bee
  1817 | D        | Noticed a wandering mushroom
  1818 | D        | Noticed a wandering mushroom
  1818 | D        | Noticed a wandering mushroom
  1820 | D        | Killed a wandering mushroom
  1820 | D        | Reached skill level 16 in Stealth
  1822 | D        | Killed a wandering mushroom
  1823 | D        | Killed a wandering mushroom
  1879 | D        | Noticed a spiny frog
  1879 | D        | Noticed a komodo dragon
  1879 | D        | Noticed a spiny frog
  1882 | D        | Killed a spiny frog
  1884 | D        | Killed a komodo dragon
  1885 | D        | Killed a spiny frog
  1892 | D        | Noticed a redback
  1894 | D        | Killed a redback
  1894 | D        | Reached skill level 15 in Dodging
  1895 | D        | Noticed a brain worm
  1898 | D        | Killed a brain worm
  1901 | D        | Noticed a brain worm
  1903 | D        | Killed a brain worm
  1906 | D        | Noticed a lindwurm
  1908 | D        | Noticed a redback
  1909 | D        | Killed a lindwurm
  1911 | D        | Killed a redback
  1911 | D        | Reached skill level 10 in Hexes
  1917 | D        | Noticed a redback
  1918 | D        | Killed a redback
  1919 | D        | Noticed Maud
  1921 | D        | Killed Maud
  1921 | D        | Reached skill level 17 in Stealth
  1921 | D        | Reached XP level 11. HP: 47/47 MP: 29/29
  1961 | D        | Noticed an electric eel
  1962 | D        | Noticed a seven-headed hydra
  1962 | D        | Noticed an eight-headed hydra
  1963 | D        | Killed an electric eel
  1965 | D        | Killed a seven-headed hydra
  1965 | D        | Reached skill level 10 in Translocations
  1966 | D        | Killed an eight-headed hydra
  1977 | D        | Noticed a death drake
  1980 | D        | Killed a death drake
  2012 | D        | Found a blossoming altar of Fedhas.
  2012 | D        | Noticed a spriggan
  2012 | D        | Noticed a spriggan druid
  2012 | D        | Noticed a spriggan
  2014 | D        | Killed a spriggan druid
  2014 | D        | Reached skill level 18 in Stealth
  2015 | D        | Killed a spriggan
  2016 | D        | Killed a spriggan
  2042 | D        | Noticed a water moccasin
  2043 | D        | Noticed a black mamba
  2043 | D        | Noticed a water moccasin
  2043 | D        | Noticed a water moccasin
  2044 | D        | Killed a water moccasin
  2046 | D        | Killed a black mamba
  2048 | D        | Killed a water moccasin
  2049 | D        | Killed a water moccasin
  2088 | D        | Noticed an anaconda
  2089 | D        | Noticed an anaconda
  2089 | D        | Noticed a black mamba
  2089 | D        | Noticed a black mamba
  2090 | D        | Killed an anaconda
  2092 | D        | Killed an anaconda
  2093 | D        | Killed a black mamba
  2094 | D        | Killed a black mamba
  2114 | D        | Noticed a black mamba
  2114 | D        | Noticed a black mamba
  2114 | D        | Noticed an anaconda
  2116 | D        | Killed an anaconda
  2117 | D        | Killed a black mamba
  2117 | D        | Reached skill level 10 in Short Blades
  2117 | D        | Reached skill level 15 in Spellcasting
  2117 | D        | Reached skill level 5 in Summonings
  2119 | D        | Killed a black mamba
  2119 | D        | Reached skill level 19 in Stealth
  2130 | D        | Learned a level 8 spell: Disjunction
  2142 | D        | Noticed a naga
  2142 | D        | Noticed a naga
  2143 | D        | Noticed a naga warrior
  2143 | D        | Noticed a greater naga
  2143 | D        | Found Ozeo's Antique Armour Shop.
  2143 | D        | Found Zoumn's Food Shoppe.
  2144 | D        | Killed a naga
  2145 | D        | Killed a naga
  2146 | D        | Found Niog's Jewellery Boutique.
  2147 | D        | Killed a naga warrior
  2147 | D        | Reached XP level 12. HP: 51/51 MP: 27/32
  2161 | D        | Killed a greater naga
  2308 | D        | Noticed a guardian serpent
  2315 | D        | Killed a guardian serpent
  2322 | D        | Got a serpentine rune of Zot
  2404 | D        | Noticed a swamp drake
  2404 | D        | Noticed a fire drake
  2405 | D        | Killed a fire drake
  2407 | D        | Killed a swamp drake
  2418 | D        | Noticed a blink frog
  2418 | D        | Noticed a blink frog
  2418 | D        | Noticed a blink frog
  2418 | D        | Noticed a blink frog
  2418 | D        | Noticed a blink frog
  2424 | D        | Killed a blink frog
  2426 | D        | Killed a blink frog
  2429 | D        | Killed a blink frog
  2432 | D        | Killed a blink frog
  2434 | D        | Killed a blink frog
  2594 | D        | Noticed Rupert
  2596 | D        | Killed Rupert
  2596 | D        | Reached skill level 20 in Stealth
  2622 | D        | Noticed a death yak
  2623 | D        | Noticed a death yak
  2623 | D        | Noticed a blink frog
  2624 | D        | Noticed an azure jelly
  2624 | D        | Noticed a death yak
  2624 | D        | Noticed an azure jelly
  2624 | D        | Noticed a blink frog
  2624 | D        | Noticed a death yak
  2625 | D        | Killed a death yak
  2626 | D        | Noticed a blink frog
  2642 | D        | Killed a blink frog
  2648 | D        | Killed a death yak
  2651 | D        | Killed a blink frog
  2799 | D        | Killed a blink frog
  2819 | D        | Killed a death yak
  2847 | D        | Killed a death yak
  3126 | D        | Noticed a black mamba
  3127 | D        | Noticed a black mamba
  3128 | D        | Killed a black mamba
  3130 | D        | Killed a black mamba
  3172 | D        | Noticed an ice dragon
  3176 | D        | Found Sirphoumi's Book Shoppe.
  3176 | D        | Found Zyurito's Antique Weapon Boutique.
  3176 | D        | Found Osilucvi's Food Emporium.
  3196 | D        | Killed an ice dragon
  3217 | D        | Noticed an ice dragon
  3384 | D        | Noticed an azure jelly
  3384 | D        | Noticed an azure jelly
  3425 | D        | Killed an azure jelly
  3446 | D        | Killed a five-headed hydra
  3459 | D        | Slain by an azure jelly

Vault maps used:
D:        dungeon_sprint_mu

Action                   |  1- 3 |  4- 6 |  7- 9 | 10-12 || total
-------------------------+-------+-------+-------+-------++-------
Melee: Dagger            |    21 |     7 |    75 |    98 ||   201
Throw: Throwing net      |       |       |       |     1 ||     1
 Cast: Ensorcelled Hiber |     7 |       |    31 |    19 ||    57
       Corona            |     2 |       |       |       ||     2
       Dazzling Spray    |       |       |     2 |    53 ||    55
       Confuse           |       |       |       |     1 ||     1
       Tukima's Dance    |       |       |       |     4 ||     4
Invok: Shadow Step       |       |       |     1 |    13 ||    14
  Use: Potion            |     2 |     3 |       |       ||     5
       Scroll            |       |     3 |     1 |       ||     4
 Stab: Sleeping          |     6 |     7 |    35 |    51 ||    99
       Invisible         |       |       |       |     3 ||     3
       Held in net/web   |       |       |       |     1 ||     1
  Eat: Bread ration      |       |       |     1 |       ||     1
